 Dungeon Crawl Stone Soup version 0.19.0-9-gfd783f2 (webtiles) character file.

105 imganon the Chopper (level 4, 0/35 HPs)
             Began as a Demonspawn Berserker on Nov 7, 2016.
             Was a Follower of Trog.
             Succumbed to a worker ant's poison
             ... on level 3 of the Dungeon.
             The game lasted 00:02:54 (2431 turns).

imganon the Chopper (Demonspawn Berserker)          Turns: 2431, Time: 00:02:55

Health: 0/35       AC: 12    Str: 18    XL:     4   Next: 54%
Magic:  4/4        EV:  8    Int:  9    God:    Trog [*.....]
Gold:   175        SH:  0    Dex: 12    Spells: 0 memorised, 3 levels left

rFire  + . .     SeeInvis .     a - +0 hand axe
rCold  . . .     Gourm    .     n - +0 chain mail
rNeg   . . .     Faith    .     (no shield)
rPois  .         Spirit   .     (helmet restricted)
rElec  .         Reflect  .     (no cloak)
rCorr  .         Harm     .     u - +2 pair of gloves
MR     .....                    g - +0 pair of boots
Stlth  ..........               (no amulet)
                                (no ring)
                                j - ring of protection from fire

@: lethally poisoned (0 -> -8), drained
A: antennae 1, sturdy frame 1
a: Berserk, Burn Spellbooks, Renounce Religion


You were on level 3 of the Dungeon.
You worshipped Trog.
Trog was aware of your devotion.
You were hungry.

You visited 1 branch of the dungeon, and saw 4 of its levels.

You collected 175 gold pieces.

Inventory:

Hand Weapons
 a - a +0 hand axe (weapon)
Armour
 g - a +0 pair of boots (worn)
 n - a +0 chain mail (worn)
 u - a +2 pair of gloves (worn)
Jewellery
 j - a ring of protection from fire (left hand)
Scrolls
 e - 7 scrolls of identify {unknown}
 f - a scroll of enchant armour {unknown}
 i - 2 scrolls of teleportation {unknown}
 k - a scroll of remove curse {unknown}
 l - a scroll of noise {unknown}
 q - a scroll of magic mapping {unknown}
 s - 2 scrolls of recharging {unknown}
 t - a scroll of fear {unknown}
Potions
 m - a potion of might {unknown}
 o - a potion of berserk rage {unknown}
 r - a potion of lignification {unknown}
Comestibles
 c - 3 bread rations
 h - a meat ration


   Skills:
 - Level 3.0(2.9) Fighting
 + Level 4.9(4.8) Axes
 - Level 1.7 Armour
 - Level 1.7 Dodging


You had 3 spell levels left.
You didn't know any spells.

Dungeon Overview and Level Annotations

Branches:
Dungeon (4/15)
 Temple: D:4-7

Altars:
Ashenzari
Okawaru
Sif Muna
Uskayaw


Innate Abilities, Weirdness & Mutations

You have a pair of small antennae on your head.
Your movements are slightly less encumbered by armour. (ER -2)


Message History

The worker ant is almost dead.
* * * LOW HITPOINT WARNING * * *
You feel sick. The worker ant closely misses you.
You hit the worker ant.
You kill the worker ant!
Trog accepts your kill.
* * * LOW HITPOINT WARNING * * *
You feel sick.
* * * LOW HITPOINT WARNING * * *
You feel sick.
Unknown command.
It was a potion of flight.
You feel very buoyant.
You fly up into the air.
* * * LOW HITPOINT WARNING * * *
You feel sick.
It was a potion of cancellation.
Your magical effects are unravelling.
You feel magically purged.
You float gracefully downwards.
You die...

..#.#..## #.#...#.........#
........####.#..##.........#
...........................######
........########.#..............#
.........(......................#
.......####........######.#.....#
..##...##..........# #.#.....#
..##...##..........######.#.....#
..##...##.......@.>.......#.....#
..##...##....##############.....#
..##...##.....####### #........
[.##...##.###.......# #........
..........###.......# #........
..........###.......# #....[...
...........#........# #........
####...##..#........# #.....(..
#......._...###### #######..


There were no monsters in sight!

Vanquished Creatures
  A worker ant (D:3)
  2 adders
  An ooze (D:3)
  A worm (D:2)
  A dart slug (D:3)
  4 leopard geckos
  6 orcs (D:3)
  4 bats
  4 goblins
  3 hobgoblins
  5 jackals (D:1)
  4 frilled lizards
  5 kobolds
  3 rats
44 creatures vanquished.

Notes
Turn   | Place    | Note
-------+----------+-------------------------------------------
     0 | D:1      | imganon the Demonspawn Berserker began the quest for the Orb.
     0 | D:1      | Reached XP level 1. HP: 18/18 MP: 1/1
   284 | D:1      | Reached skill level 3 in Axes
   286 | D:1      | Gained mutation: You have a pair of small antennae on your head. [demonic ancestry]
   286 | D:1      | Reached XP level 2. HP: 3/24 MP: 2/2
  1067 | D:2      | Gained mutation: Your movements are slightly less encumbered by armour. (ER -2) [demonic ancestry]
  1067 | D:2      | Reached XP level 3. HP: 19/29 MP: 3/3
  1233 | D:2      | Reached skill level 4 in Axes
  1701 | D:3      | Found a hide-covered altar of Uskayaw.
  1772 | D:3      | Found a shattered altar of Ashenzari.
  1969 | D:3      | Reached XP level 4. HP: 32/35 MP: 4/4
  1987 | D:3      | Found an iron altar of Okawaru.
  2116 | D:3      | Found a deep blue altar of Sif Muna.
  2429 | D:3      | HP: 1/35 [poisoned by a worker ant]
  2431 | D:3      | Succumbed to a worker ant's poison

Skill      XL: |  1  2  3 |
---------------+----------+-----
Axes           | 3 4 |  4.9
Fighting       | |  3.0
Armour         | |  1.7
Dodging        | |  1.7

Action                   |  1- 3 |  4- 6 || total
-------------------------+-------+-------++-------
Melee: Hand axe          |   106 |    37 ||   143
Invok: Berserk           |     2 |       ||     2
  Use: Potion            |       |     2 ||     2
  Eat: Chunk             |     5 |     1 ||     6
Armor: Animal skin       |    10 |       ||    10
       Chain mail        |    27 |    29 ||    56
Dodge: Dodged            |    48 |    19 ||    67
